TOP OF THE 1ST |
---|
Boston Rebels batting - Pitching for Baffin Island Beavers : RHP Reagan Wear | Pitching: RHP Reagan Wear | | Batting: LHB Frank Jackson | 0-0: Ball 1-0: Ball 2-0: Called Strike 2-1: Ball 3-1: Foul Ball, location: 2F 3-2: Base on Balls | Batting: RHB Ken McDonald | 0-0: SINGLE (Line Drive, 8LS) Frank Jackson to second | Batting: RHB Tony Long | 0-0: Ball 1-0: Ball 2-0: Foul Ball, location: 2F 2-1: Fly out, F6 (Line Drive, 56) | Batting: RHB Alfredo López | 0-0: Ball 1-0: Ball 2-0: Foul Ball, location: 2F 2-1: Grounds into double play, 4-6-3 (Groundball, 4) | Top of the 1st over - 0 runs, 1 hit, 0 errors, 1 left on base; Boston 0 - Baffin Island 0 | BOTTOM OF THE 1ST |
---|
Baffin Island Beavers batting - Pitching for Boston Rebels : RHP John Foster | Pitching: RHP John Foster | | Batting: LHB Norberto Muñóz | 0-0: Foul Ball, location: 2F 0-1: Ball 1-1: Ball 2-1: Ball 3-1: Ground out 6-3 (Groundball, 6) | Batting: RHB Tony Morton | 0-0: Ball 1-0: Ball 2-0: Ball 3-0: Called Strike 3-1: Ground out 6-3 (Groundball, 6) | Batting: RHB Dave Craig | 0-0: Ground out 6-3 (Groundball, 6M) | Bottom of the 1st over - 0 runs, 0 hits, 0 errors, 0 left on base; Boston 0 - Baffin Island 0 | TOP OF THE 2ND |
---|
Boston Rebels batting - Pitching for Baffin Island Beavers : RHP Reagan Wear | Batting: RHB Denver Baker | 0-0: Called Strike 0-1: Ball 1-1: Called Strike 1-2: Strikes out swinging | Batting: RHB Evan Robinson | 0-0: Foul Ball, location: 2F 0-1: Reached on error, E5 (Groundball, 5) | Batting: RHB Mario López | 0-0: Foul Ball, location: 2F 0-1: Called Strike 0-2: Ball 1-2: Strikes out looking | Batting: RHB Aaron Washington | 0-0: Called Strike 0-1: Foul Ball, location: 2F 0-2: Foul Ball, location: 2F 0-2: Strikes out swinging | Top of the 2nd over - 0 runs, 0 hits, 1 error, 1 left on base; Boston 0 - Baffin Island 0 | BOTTOM OF THE 2ND |
---|
Baffin Island Beavers batting - Pitching for Boston Rebels : RHP John Foster | Batting: LHB Lorenzo Villa | 0-0: Ball 1-0: Ball 2-0: Ball 3-0: Called Strike 3-1: Called Strike 3-2: Base on Balls | Batting: RHB José García | 0-0: Ball 1-0: TRIPLE (Flyball, 8LXD) Lorenzo Villa scores | Batting: LHB Howard Evans | 0-0: Called Strike 0-1: Ball 1-1: Called Strike 1-2: Ball 2-2: Fly out, F9 (Flyball, 9LS) Runner from 3rd tags up, SCORES, no throw | Batting: RHB Felipe Rivera | 0-0: Ball 1-0: Ball 2-0: Ground out 5-3 (Groundball, 2L) | Batting: LHB Mike MacFadden | 0-0: Ground out 1-3 (Groundball, P) | Bottom of the 2nd over - 2 runs, 1 hit, 0 errors, 0 left on base; Boston 0 - Baffin Island 2 | TOP OF THE 3RD |
---|
Boston Rebels batting - Pitching for Baffin Island Beavers : RHP Reagan Wear | Batting: RHB George Reeves | 0-0: Called Strike 0-1: DOUBLE (Flyball, 89XD) | Batting: LHB Frank Jackson | 0-0: Ball 1-0: Foul Ball, location: 2F 1-1: Foul Ball, location: 2F 1-2: Ground out U3 (Groundball, 3) George Reeves to third | Batting: RHB Ken McDonald | 0-0: Swinging Strike 0-1: Foul Ball, location: 2F 0-2: Strikes out swinging | Batting: RHB Tony Long | 0-0: Ball 1-0: Ball 2-0: Called Strike 2-1: Ball 3-1: DOUBLE (Line Drive, 7LM) George Reeves scores | Batting: RHB Alfredo López | 0-0: Called Strike 0-1: Called Strike 0-2: Ball 1-2: Foul Ball, location: 2F 1-2: Foul Ball, location: 2F 1-2: Foul Ball, location: 2F 1-2: Ball 2-2: Strikes out swinging | Top of the 3rd over - 1 run, 2 hits, 0 errors, 1 left on base; Boston 1 - Baffin Island 2 | BOTTOM OF THE 3RD |
---|
Baffin Island Beavers batting - Pitching for Boston Rebels : RHP John Foster | Batting: RHB Jonathan MacVey | 0-0: Swinging Strike 0-1: Ball 1-1: Called Strike 1-2: Strikes out swinging | Batting: LHB Norberto Muñóz | 0-0: Called Strike 0-1: Ball 1-1: Ball 2-1: SINGLE (Line Drive, 89S) | Batting: RHB Tony Morton | 0-0: Called Strike 0-1: Foul Ball, location: 2F 0-2: Foul Ball, location: 2F 0-2: Ball 1-2: Grounds into double play, 4-6-3 (Groundball, 4) | Bottom of the 3rd over - 0 runs, 1 hit, 0 errors, 0 left on base; Boston 1 - Baffin Island 2 | TOP OF THE 4TH |
---|
Boston Rebels batting - Pitching for Baffin Island Beavers : RHP Reagan Wear | Batting: RHB Denver Baker | 0-0: Fly out, F7 (Flyball, 7D) | Batting: RHB Evan Robinson | 0-0: Ball 1-0: Ground out 5-3 (Groundball, 56S) | Batting: RHB Mario López | 0-0: Ball 1-0: Ball 2-0: Fly out, F8 (Flyball, 8LD) | Top of the 4th over - 0 runs, 0 hits, 0 errors, 0 left on base; Boston 1 - Baffin Island 2 | BOTTOM OF THE 4TH |
---|
Baffin Island Beavers batting - Pitching for Boston Rebels : RHP John Foster | Batting: RHB Dave Craig | 0-0: Ball 1-0: Called Strike 1-1: Ball 2-1: Foul Ball, location: 2F 2-2: Foul Ball, location: 2F 2-2: Ball 3-2: SINGLE (Groundball, 6D) | Batting: LHB Lorenzo Villa | 0-0: Ball 1-0: Ball 2-0: Ball 3-0: Called Strike 3-1: DOUBLE (Line Drive, 9D) Dave Craig to third | Batting: RHB José García | 0-0: Ground out 5-3 (Groundball, 56) Dave Craig scores | Batting: LHB Howard Evans | 0-0: Fly out, F7 (Flyball, 7LS) | Batting: RHB Felipe Rivera | 0-0: Ball 1-0: Foul Ball, location: 2F 1-1: Ball 2-1: Foul Ball, location: 2F 2-2: Ground out 4-3 (Groundball, 4S) | Bottom of the 4th over - 1 run, 2 hits, 0 errors, 1 left on base; Boston 1 - Baffin Island 3 | TOP OF THE 5TH |
---|
Boston Rebels batting - Pitching for Baffin Island Beavers : RHP Reagan Wear | Pitching: LHP Cecil Bonekamp | | Batting: RHB Aaron Washington | 0-0: Called Strike 0-1: Called Strike 0-2: Fly out, F4 (Popup, 4) | Batting: RHB George Reeves | 0-0: Swinging Strike 0-1: Foul Ball, location: 2F 0-2: Strikes out swinging | Batting: LHB Frank Jackson | 0-0: Ball 1-0: Called Strike 1-1: Foul Ball, location: 2F 1-2: Foul Ball, location: 2F 1-2: Ground out 6-3 (Groundball, 6M) | Top of the 5th over - 0 runs, 0 hits, 0 errors, 0 left on base; Boston 1 - Baffin Island 3 | BOTTOM OF THE 5TH |
---|
Baffin Island Beavers batting - Pitching for Boston Rebels : RHP John Foster | Pitching: LHP Artie Nelson | | Batting: LHB Mike MacFadden | 0-0: Ball 1-0: Called Strike 1-1: Ball 2-1: Foul Ball, location: 2F 2-2: Fly out, F2 (Popup, 2R) | Batting: RHB Jonathan MacVey | 0-0: Ball 1-0: Ball 2-0: Ground out 5-3 (Groundball, 56S) | Batting: LHB Norberto Muñóz | 0-0: Called Strike 0-1: Ball 1-1: Swinging Strike 1-2: Strikes out swinging | Bottom of the 5th over - 0 runs, 0 hits, 0 errors, 0 left on base; Boston 1 - Baffin Island 3 | TOP OF THE 6TH |
---|
Boston Rebels batting - Pitching for Baffin Island Beavers : LHP Cecil Bonekamp | Batting: RHB Ken McDonald | 0-0: Ground out 6-3 (Groundball, 6) | Batting: RHB Tony Long | 0-0: Ball 1-0: Ball 2-0: Called Strike 2-1: SOLO HOME RUN (Flyball, 7LD), Distance : 352 ft | Batting: RHB Alfredo López | 0-0: Ball 1-0: Swinging Strike 1-1: Foul Ball, location: 2F 1-2: Strikes out swinging | Batting: RHB Denver Baker | 0-0: Ball 1-0: Foul Ball, location: 2F 1-1: Foul Ball, location: 2F 1-2: Foul Ball, location: 2F 1-2: Strikes out swinging | Top of the 6th over - 1 run, 1 hit, 0 errors, 0 left on base; Boston 2 - Baffin Island 3 | BOTTOM OF THE 6TH |
---|
Baffin Island Beavers batting - Pitching for Boston Rebels : LHP Artie Nelson | Batting: RHB Tony Morton | 0-0: Called Strike 0-1: Ball 1-1: Swinging Strike 1-2: Ball 2-2: Fly out, F4 (Popup, 13) | Batting: RHB Dave Craig | 0-0: SINGLE (Groundball, 6MD) | Batting: LHB Lorenzo Villa | 0-0: Ground out 5-3 (Groundball, 56S) Dave Craig to second | Batting: RHB José García | 0-0: Ground out 5-3 (Groundball, 5) | Bottom of the 6th over - 0 runs, 1 hit, 0 errors, 1 left on base; Boston 2 - Baffin Island 3 | TOP OF THE 7TH |
---|
Boston Rebels batting - Pitching for Baffin Island Beavers : LHP Cecil Bonekamp | Batting: RHB Evan Robinson | 0-0: Called Strike 0-1: Ball 1-1: Fly out, F8 (Flyball, 8RS) | Batting: RHB Mario López | 0-0: SINGLE (Groundball, 6MD) | Batting: RHB Aaron Washington | 0-0: Ball 1-0: Called Strike 1-1: Ball 2-1: Ball 3-1: Base on Balls Mario López to second | Batting: RHB George Reeves | 0-0: Called Strike 0-1: Called Strike 0-2: Ball 1-2: Ball 2-2: Strikes out swinging | Pinch Hitting: RHB Randy Simons | 0-0: Ball 1-0: Ball 2-0: Ball 3-0: Base on Balls Mario López to third Aaron Washington to second | Pinch Hitting: RHB Derek Ramsey | 0-0: Ball 1-0: Foul Ball, location: 2F 1-1: Foul Ball, location: 2F 1-2: Strikes out swinging | Top of the 7th over - 0 runs, 1 hit, 0 errors, 3 left on base; Boston 2 - Baffin Island 3 | BOTTOM OF THE 7TH |
---|
Baffin Island Beavers batting - Pitching for Boston Rebels : LHP Artie Nelson | Now at 1B: Derek Ramsey | | Now in LF: Ricardo Brandariz | | Batting: LHB Howard Evans | 0-0: Ball 1-0: Foul Ball, location: 2F 1-1: Ball 2-1: Ball 3-1: Foul Ball, location: 2F 3-2: Foul Ball, location: 2F 3-2: Foul Ball, location: 2F 3-2: Ground out 4-3 (Groundball, 4) | Batting: RHB Felipe Rivera | 0-0: Called Strike 0-1: Ball 1-1: Ball 2-1: Ground out 4-3 (Groundball, 4) | Batting: LHB Mike MacFadden | 0-0: Ball 1-0: Ball 2-0: Called Strike 2-1: Foul Ball, location: 2F 2-2: Foul Ball, location: 2F 2-2: Strikes out swinging | Bottom of the 7th over - 0 runs, 0 hits, 0 errors, 0 left on base; Boston 2 - Baffin Island 3 | TOP OF THE 8TH |
---|
Boston Rebels batting - Pitching for Baffin Island Beavers : LHP Cecil Bonekamp | Batting: RHB Alberto Hernández | 0-0: Ground out 6-3 (Groundball, 56) | Pitching: RHP Tony Rocha | | Pinch Hitting: LHB Tom Blake | 0-0: Ball 1-0: Called Strike 1-1: Reached via error on a dropped throw, E3 | Pinch Hitting: LHB Felipe Guerrero | 0-0: Ball 1-0: Ball 2-0: Ball 3-0: Base on Balls Tom Blake to second | Batting: RHB Evan Robinson | 0-0: Called Strike 0-1: Foul Ball, location: 2F 0-2: Foul Ball, location: 2F 0-2: Ball 1-2: Ball 2-2: Foul Ball, location: 2F 2-2: Ball 3-2: Grounds into double play, 5-4-3 (Groundball, 56) | Top of the 8th over - 0 runs, 0 hits, 1 error, 1 left on base; Boston 2 - Baffin Island 3 | BOTTOM OF THE 8TH |
---|
Baffin Island Beavers batting - Pitching for Boston Rebels : LHP Artie Nelson | Pitching: RHP José Crus | | Now in CF: Felipe Guerrero | | Now in RF: Tom Blake | | Batting: RHB Jonathan MacVey | 0-0: Ball 1-0: Ball 2-0: Ground out 6-3 (Groundball, 6) | Pinch Hitting: RHB Alden Isenhood | 0-0: Called Strike 0-1: Fly out, F7 (Flyball, 7LS) | Pinch Hitting: RHB Tomás Díaz | 0-0: Called Strike 0-1: Ball 1-1: Swinging Strike 1-2: Strikes out looking | Bottom of the 8th over - 0 runs, 0 hits, 0 errors, 0 left on base; Boston 2 - Baffin Island 3 | TOP OF THE 9TH |
---|
Boston Rebels batting - Pitching for Baffin Island Beavers : RHP Tony Rocha | Pitching: LHP Brent Miller | | Now at 1B: Tomás Díaz | | Now in LF: César Valentín | | Pinch Hitting: RHB Gerald Burnett | 0-0: Fly out, F5 (Popup, 5SF) | Pinch Hitting: RHB Paul Bailey | 0-0: Foul Ball, location: 2F 0-1: Foul Ball, location: 2F 0-2: Strikes out swinging | Pinch Hitting: RHB Aaron Wilson | 0-0: Foul Ball, location: 2F 0-1: SINGLE (Line Drive, 6MD) | Batting: LHB Ricardo Brandariz | 0-0: Swinging Strike 0-1: Ball 1-1: Ground out 4-3 (Groundball, 4) | Top of the 9th over - 0 runs, 1 hit, 0 errors, 1 left on base; Boston 2 - Baffin Island 3 | |